 Dungeon Crawl Stone Soup version 0.21-a0-221-gfe971b9 (webtiles) character file.

658 yak the Chopper (level 7, -10/93 HPs)
             Began as a Minotaur Fighter on Aug 27, 2017.
             Was a Believer of Trog.
             Mangled by zkyp's ghost (13 damage)
             ... on level 5 of the Dungeon.
             The game lasted 00:05:48 (3786 turns).

yak the Chopper (Minotaur Fighter)                  Turns: 3786, Time: 00:05:49

Health: -10/93     AC:  0    Str: 26    XL:     7   Next: 30%
Magic:  6/6        EV: 17    Int:  5    God:    Trog [**....]
Gold:   98         SH:  0    Dex: 16    Spells: 6/6 levels left

rFire    . . .     SeeInvis .   (weapon currently unavailable)
rCold    . . .     Gourm    .   (shield currently unavailable)
rNeg     . . .     Faith    .   (armour currently unavailable)
rPois    .         Spirit   .   (helmet currently unavailable)
rElec    .         Reflect  .   (cloak currently unavailable)
rCorr    .         Harm     .   (gloves currently unavailable)
MR       .....                  (boots currently unavailable)
Stlth    ..........             (no amulet)
HPRegen  0.25/turn              (ring currently unavailable)
MPRegen  0.10/turn              (ring currently unavailable)

@: berserking (expiring), bat-form, flying, very quick
A: (retaliatory headbutt)
a: Berserk, Trog's Hand, Burn Spellbooks, Renounce Religion


You were on level 5 of the Dungeon.
You worshipped Trog.
Trog was pleased with you.
You were not hungry.
You were in bat-form.
You visited 1 branch of the dungeon, and saw 5 of its levels.

You collected 98 gold pieces.

Inventory:

Hand Weapons
 a - a +0 war axe (melded)
Armour
 b - a +0 scale mail (melded)
 c - a +0 shield
Jewellery
 v - a ring of positive energy (melded)
Scrolls
 h - a scroll of teleportation {unknown}
 i - 3 scrolls of random uselessness {unknown}
 j - a scroll of magic mapping {unknown}
 m - a scroll of amnesia {unknown}
 p - 2 scrolls of enchant weapon {unknown}
 q - a scroll of noise {unknown}
 r - a scroll of immolation {unknown}
Potions
 d - 2 potions of might
 e - a potion of brilliance
 g - 3 potions of curing
 n - 2 potions of magic
 o - 2 potions of ambrosia
 s - a potion of degeneration
 t - a potion of agility
 u - a potion of mutation {unknown}
Comestibles
 f - 5 bread rations


   Skills:
 + Level 5.9 Fighting
 * Level 7.9 Axes
 - Level 5.0 Armour
 - Level 0.3 Stealth
 - Level 3.6 Shields


You had 6 spell levels left.
You didn't know any spells.

Dungeon Overview and Level Annotations

Branches:
Dungeon (5/15)
 Temple: D:4-7

Altars:
Nemelex Xobeh
Sif Muna
Trog

Annotations:
D:5 Sigmund; zkyp's ghost, novice HOMo


Innate Abilities, Weirdness & Mutations

((You reflexively headbutt those who attack you in melee.))
((You have a pair of horns on your head.))


Message History

You hit zkyp's ghost but do no damage.
Zkyp's ghost is severely damaged.
Sigmund barely misses you. Zkyp's ghost hits you!
* * * LOW HITPOINT WARNING * * *
You hit zkyp's ghost but do no damage.
Zkyp's ghost is heavily damaged.
Unknown command.
You barely miss zkyp's ghost.
Zkyp's ghost is heavily damaged.
The jackal barely misses you. Zkyp's ghost hits you!
* * * LOW HITPOINT WARNING * * *
You hit zkyp's ghost.
Zkyp's ghost is severely damaged.
The jackal completely misses you.
Sigmund hits you from afar with a vampiric scythe!
* * * LOW HITPOINT WARNING * * *
You hit zkyp's ghost but do no damage.
Zkyp's ghost is severely damaged.
The jackal barely misses you. Zkyp's ghost hits you!
You die...

.. ... ##########...
##.........###
#....<........
##########.............
#.......##......#.#....
.............@..._.....
........##.....b#.#...
........##....hW#.....
.........#.............
.........#.............
#.......##..........(..
#.......##......##.....
...[....##......##.....
.................+ ....
.........†.......# ....


You could see Sigmund, zkyp's ghost and a jackal.

Vanquished Creatures
  The ghost of diamond the Poker, an amateur OpFi (D:4)
  2 ogres
  A necrophage (D:5)
  6 gnolls
  12 adders
  An ooze (D:1)
  An adder skeleton (D:4)
  3 worms
  3 dart slugs
  3 leopard geckos (D:1)
  13 orcs
  2 ball pythons
  3 giant cockroaches
  8 goblins
  3 hobgoblins
  11 jackals
  5 kobolds
  2 quokkas
  6 bats
  2 frilled lizards
  6 rats
94 creatures vanquished.

Vanquished Creatures (others)
  A rat (D:2)
1 creature vanquished.

Grand Total: 95 creatures vanquished

Notes
Turn   | Place    | Note
-------+----------+-------------------------------------------
     0 | D:1      | yak the Minotaur Fighter began the quest for the Orb.
     0 | D:1      | Reached XP level 1. HP: 19/19 MP: 0/0
    57 | D:1      | Reached XP level 2. HP: 24/26 MP: 1/1
   350 | D:1      | Reached skill level 3 in Axes
   698 | D:1      | Reached XP level 3. HP: 27/31 MP: 2/2
   909 | D:2      | Found a bloodstained altar of Trog.
   914 | D:2      | Became a worshipper of Trog the Wrathful
   941 | D:2      | Reached skill level 4 in Axes
  1010 | D:2      | Found a sparkling altar of Nemelex Xobeh.
  1315 | D:2      | Reached XP level 4. HP: 30/39 MP: 3/3
  1527 | D:2      | Reached skill level 5 in Armour
  1553 | D:2      | Reached * piety under Trog
  1553 | D:2      | Reached skill level 5 in Axes
  1999 | D:3      | Reached XP level 5. HP: 46/46 MP: 4/4
  2127 | D:3      | Noticed an ogre
  2134 | D:3      | Killed an ogre
  2134 | D:3      | Reached skill level 6 in Axes
  2134 | D:3      | Reached XP level 6. HP: 53/53 MP: 5/5
  2283 | D:3      | Reached ** piety under Trog
  2728 | D:3      | Reached skill level 5 in Fighting
  2935 | D:4      | Noticed diamond's ghost (amateur OpFi)
  2945 | D:4      | Killed diamond's ghost
  2945 | D:4      | Reached skill level 7 in Axes
  3194 | D:4      | Reached XP level 7. HP: 61/61 MP: 6/6
  3614 | D:5      | Entered Level 5 of the Dungeon
  3614 | D:5      | Found a deep blue altar of Sif Muna.
  3636 | D:5      | Noticed Sigmund
  3771 | D:5      | Noticed zkyp's ghost (novice HOMo)
  3785 | D:5      | HP: 3/93 [Sigmund/vampiric scythe (7)]
  3786 | D:5      | Mangled by zkyp's ghost

Vault maps used:
D:1:      tarquinn_simple_flora_water_c
D:2:      mumra_celtic_spiral_tile, nemelex_altar_shiori,
          kennysheep_big_empty_room, bloody_trog
D:3:      minmay_diamond_boxcup, first_bread
D:5:      lemuel_crystal_altar, nicolae_overflow_hidden_temple,
          minmay_temple_entry_statues_pillars, uniq_sigmund, uniq_eustachio

Skill      XL: |  1  2  3  4  5  6 |
---------------+-------------------+-----
Armour         | 4 5 |  5.0
Axes           | 3 4 5 6 7 |  7.9
Fighting       | 4 5 |  5.9
Stealth        | |  0.3
Shields        | |  3.6

Action                   |  1- 3 |  4- 6 |  7- 9 || total
-------------------------+-------+-------+-------++-------
Melee: War axe           |    61 |   141 |     9 ||   211
       Headbutt          |     4 |    21 |     2 ||    27
       Unarmed           |       |       |     7 ||     7
Invok: Berserk           |       |     1 |     1 ||     2
  Use: Potion            |       |     1 |     1 ||     2
       Scroll            |       |     6 |     2 ||     8
  Eat: Chunk             |     1 |     7 |       ||     8
       Meat ration       |       |       |     1 ||     1
Armor: Scale mail        |    28 |    81 |     4 ||   113
Dodge: Dodged            |    28 |    83 |     8 ||   119
Block: Shield            |     9 |       |       ||     9

Table legend:
 A = Spawn XP
 B = Non-spawn XP
 C = Spawn XP percentage of total XP
 D = Spawn monster count
 E = Non-spawn monster count
 F = Spawn count percentage of total count
 G = Total turns spent on level
                    A         B        C        D         E        F      G
               +---------+---------+-------+---------+---------+-------+---------
         Total |      34 |     907 |   3.6 |      12 |      82 |  12.8 |  3786
               +---------+---------+-------+---------+---------+-------+---------
           D:1 |       4 |      69 |   5.5 |       2 |      20 |   9.1 |  1108
           D:2 |       0 |     114 |   0.0 |       0 |      20 |   0.0 |   790
           D:3 |      24 |     304 |   7.3 |       7 |      34 |  17.1 |   913
           D:4 |       6 |     299 |   2.0 |       3 |       6 |  33.3 |   912
           D:5 |       0 |     121 |   0.0 |       0 |       2 |   0.0 |    63
               +---------+---------+-------+---------+---------+-------+---------
